Map: Site Delta LE

Players

Harstem - Winner!

  • Race: Protoss Protoss
  • Spawn Location: 11:00

DRG

  • Race: Zerg Zerg
  • Spawn Location: 5:00

Event: ESL Spring 2024 Finals

VOD

Have the link to the VOD?

Description

Time

  • Played on: May 31, 2024, 7:35 p.m.
  • Length: 16:18

All games in this series

Show
View Real Time Build Order
Export as new Build Order

Harstem Protoss - Winner!

Build Orders: 1 Gate Expand, Oracle Opening, Chargelot Immortal 

Get SALT Encoding   

  12  0:00  Probe  
  13  0:12  Probe  
  14  0:17  Pylon  
  14  0:24  Probe (Chrono Boost)  
  15  0:36  Probe (Chrono Boost)  
  15  0:37  Gateway  
  16  0:44  Probe (Chrono Boost)  
  16  0:47  Assimilator  
  17  0:51  Probe  
  18  1:03  Probe  
  19  1:15  Probe  
  20  1:23  Nexus  
  20  1:31  Cybernetics Core  
  20  1:33  Probe  
  20  1:39  Assimilator  
  21  1:45  Probe  
  22  1:49  Pylon  
  22  1:57  Probe  
  23  2:06  Adept (Chrono Boost)  
  23  2:10  Probe  
  26  2:16  Stargate  
  26  2:22  Probe  
  27  2:24  Warp Gate  
  27  2:28  Adept (Chrono Boost)  
  27  2:34  Probe  
  27  2:36  Probe  
  31  2:46  Probe  
  31  2:48  Probe  
  31  2:51  Adept  
  33  2:58  Oracle (Chrono Boost), Probe  
  36  3:00  Probe  
  40  3:06  Pylon  
  40  3:10  Probe  
  40  3:12  Probe  
  42  3:18  Gateway  
  42  3:22  Probe  
  42  3:24  Probe  
  42  3:27  Oracle (Chrono Boost)  
  47  3:34  Probe  
  47  3:36  Probe  
  49  3:46  Nexus  
  49  3:48  Pylon  
  49  3:51  Probe  
  49  3:54  Probe  
  51  3:58  Twilight Council  
  51  4:03  Probe  
  51  4:05  Assimilator  
  51  4:06  Probe  
  53  4:15  Probe  
  54  4:17  Gateway  
  54  4:18  Gateway  
  54  4:19  Probe  
  55  4:29  Probe  
  55  4:31  Probe  
  57  4:32  Stalker  
  57  4:33  Assimilator, Stalker, Blink (Chrono Boost)  
  57  4:38  Pylon  
  61  4:41  Probe  
  62  4:48  Pylon  
  62  4:56  Stalker, Probe  
  65  5:00  Probe  
  65  5:01  Probe  
  67  5:08  Stalker, Probe  
  67  5:12  Probe  
  67  5:13  Probe  
  72  5:15  Stalker  
  72  5:16  Stalker  
  72  5:20  Probe  
  77  5:22  Stalker  
  77  5:24  Probe  
  77  5:25  Probe  
  81  5:28  Pylon  
  81  5:32  Probe  
  81  5:35  Stalker  
  84  5:36  Probe  
  84  5:38  Probe  
  84  5:39  Stalker x2  
  84  5:41  Shield Battery  
  90  5:44  Probe  
  90  5:45  Stalker  
  90  5:48  Probe  
  94  5:50  Assimilator, Probe  
  94  5:53  Assimilator  
  94  5:56  Robotics Facility, Probe  
  96  5:57  Pylon  
  96  6:00  Probe  
  96  6:03  Templar Archives  
  97  6:08  Probe  
  97  6:09  Probe  
  97  6:10  Charge  
  99  6:14  Forge  
  99  6:15  Zealot x2  
  99  6:16  Zealot  
  105  6:22  Probe  
  105  6:23  Pylon  
  106  6:33  Gateway  
  106  6:34  Psionic Storm  
  106  6:39  Gateway  
  105  6:41  Gateway  
  105  6:42  Gateway, Pylon  
  105  6:43  Protoss Ground Weapons Level 1 (Chrono Boost)  
  105  6:45  Immortal (Chrono Boost)  
  102  6:51  Probe  
  102  6:52  High Templar  
  102  6:53  High Templar  
  111  6:58  Probe  
  111  7:00  Pylon  
  112  7:03  Probe  
  113  7:09  Probe  
  116  7:18  Immortal (Chrono Boost)  
  116  7:19  High Templar x2  
  124  7:23  Pylon, Phoenix (Chrono Boost)  
  124  7:31  High Templar  
  124  7:32  Gateway, Nexus  
  124  7:34  Pylon  
  124  7:37  Pylon  
  126  7:40  Zealot x3  
  132  7:47  Immortal (Chrono Boost)  
  136  7:52  Shield Battery, Pylon  
  136  7:54  Pylon  
  136  7:56  Zealot x2, High Templar x2  
  144  8:02  Photon Cannon  
  144  8:03  Pylon, Probe  
  144  8:04  Archon  
  145  8:08  Shield Battery  
  145  8:14  Probe  
  145  8:19  Probe  
  147  8:20  High Templar  
  147  8:22  Photon Cannon  
  147  8:24  Immortal (Chrono Boost)  
  147  8:26  Robotics Facility  
  151  8:29  Probe  
  151  8:32  Probe, Photon Cannon  
  151  8:33  Probe  
  154  8:35  Protoss Ground Weapons Level 2 (Chrono Boost)  
  154  8:38  Photon Cannon  
  154  8:43  High Templar  
  156  8:48  Photon Cannon  
  156  8:50  Photon Cannon  
  156  8:53  Assimilator  
  154  8:55  Photon Cannon  
  154  8:56  Pylon  
  154  8:58  Assimilator  
  154  8:59  Probe  
  153  9:03  Zealot x4  
  153  9:04  Zealot  
  163  9:15  Immortal (Chrono Boost)  
  161  9:22  Immortal (Chrono Boost)  
  165  9:32  Fleet Beacon  
  165  9:35  Pylon  
  165  9:37  Probe x2  
  163  9:41  Forge  
  163  9:42  Immortal (Chrono Boost)  
  163  9:48  Zealot x4  
  171  9:57  Zealot x4  
  171  9:58  Zealot  
  181  10:14  Zealot x4  
  173  10:26  Zealot x5  
  173  10:27  Observer  
  173  10:28  Observer  
  173  10:42  Protoss Shields Level 1 (Chrono Boost)  
  167  10:45  Mothership (Chrono Boost), Observer  
  147  10:59  Zealot x9  
  147  11:02  Immortal  
  139  11:07  Protoss Ground Weapons Level 3 (Chrono Boost)  
  139  11:08  Immortal  
  137  11:13  Probe  
  138  11:21  High Templar x2  
  138  11:22  High Templar x2  
  138  11:23  High Templar x4  
  138  11:24  High Templar  
  156  11:30  Archon x2  
  156  11:33  Archon  
  156  11:41  Immortal (Chrono Boost)  
  156  11:56  Immortal (Chrono Boost)  
  149  12:05  Zealot x8  
  155  12:29  Zealot x7, Immortal (Chrono Boost)  
  143  12:45  Nexus  
  143  12:47  Pylon  
  143  12:49  Pylon  
  143  12:52  Photon Cannon  
  143  12:58  Probe  
  144  13:00  Protoss Shields Level 2  
  144  13:04  Probe  
  144  13:05  High Templar x4  
  147  13:07  High Templar, Immortal (Chrono Boost)  
  147  13:08  High Templar, Immortal (Chrono Boost)  
  147  13:12  Archon x2  
  159  13:15  Archon  
  159  13:23  Photon Cannon  
  159  13:24  Photon Cannon  
  159  13:25  Shield Battery  
  157  13:33  Immortal (Chrono Boost)  
  161  13:34  Zealot  
  161  13:37  Zealot x3  
  161  13:38  Zealot  
  173  13:42  Immortal (Chrono Boost)  
  173  13:49  Zealot x2  
  173  13:55  Assimilator  
  173  14:04  Oracle (Chrono Boost)  
  173  14:10  Immortal  
  173  14:12  High Templar  
  173  14:13  High Templar  
  173  14:16  High Templar x4  
  189  14:21  Observer  
  189  14:22  Archon  
  189  14:34  Oracle  
  186  14:42  Observer  
  173  14:58  Immortal  
  173  14:59  Zealot x7  
  186  15:03  Immortal  
  141  15:37  Immortal  
  141  15:39  High Templar x3  
  141  15:40  Zealot x3, High Templar  
  141  15:41  Nexus, Pylon  
  157  15:49  Archon  
  129  16:12  Zealot x7  
Show
View Real Time Build Order
Export as new Build Order

DRG Zerg 

Build Orders: Hatch First, Lurkers, Roach Hydra 

Get SALT Encoding   

  12  0:00  Drone  
  13  0:11  Overlord  
  13  0:17  Drone  
  14  0:30  Drone x2  
  14  0:33  Drone  
  17  0:51  Hatchery  
  17  0:55  Drone  
  17  0:58  Drone  
  18  1:05  Drone  
  18  1:09  Extractor  
  18  1:16  Spawning Pool  
  17  1:19  Drone  
  18  1:28  Drone  
  19  1:38  Drone  
  20  1:48  Drone  
  21  1:59  Overlord  
  21  2:03  Queen x2  
  21  2:04  Zergling x2  
  26  2:11  Zergling x2  
  26  2:13  Metabolic Boost  
  26  2:15  Drone  
  28  2:21  Drone  
  29  2:25  Drone  
  30  2:32  Drone  
  32  2:37  Drone  
  32  2:38  Hatchery  
  32  2:43  Queen  
  33  2:48  Overlord  
  33  2:51  Drone  
  34  2:56  Zergling x2  
  34  2:58  Zergling x2  
  36  3:03  Overlord  
  36  3:05  Queen  
  36  3:09  Drone  
  36  3:12  Drone x2  
  41  3:14  Drone  
  41  3:16  Drone  
  41  3:19  Drone  
  44  3:22  Drone x2  
  46  3:28  Queen  
  46  3:32  Overlord  
  48  3:35  Drone  
  48  3:38  Drone  
  48  3:40  Drone  
  51  3:49  Queen  
  51  3:53  Drone x2  
  51  3:54  Drone  
  51  3:55  Drone x2  
  58  3:56  Spore Crawler  
  58  3:58  Queen  
  58  4:02  Zergling x4  
  61  4:04  Drone  
  61  4:08  Drone  
  63  4:14  Drone x4  
  66  4:20  Overlord  
  66  4:24  Overlord  
  65  4:26  Spore Crawler  
  65  4:30  Drone x3  
  65  4:31  Overlord  
  66  4:32  Overlord  
  66  4:37  Overlord  
  66  4:40  Overlord  
  66  4:41  Drone x2  
  66  4:45  Lair  
  68  4:48  Drone  
  68  4:52  Drone, Roach Warren  
  70  4:55  Drone x2  
  70  4:56  Drone  
  70  4:58  Spore Crawler  
  70  4:59  Drone  
  70  5:04  Drone  
  70  5:05  Drone  
  70  5:06  Drone x3  
  73  5:09  Drone x3  
  73  5:10  Extractor  
  73  5:11  Extractor  
  73  5:12  Drone  
  73  5:13  Drone  
  77  5:15  Drone x2  
  77  5:17  Drone  
  77  5:20  Drone  
  80  5:29  Zergling x6  
  80  5:30  Zergling x2  
  80  5:32  Hatchery  
  80  5:34  Zergling x6  
  86  5:40  Extractor, Evolution Chamber  
  86  5:41  Zergling x8  
  88  5:43  Extractor x2  
  88  5:47  Overlord  
  88  5:49  Drone x3  
  89  5:52  Overlord, Glial Reconstitution  
  89  5:58  Roach x3  
  89  6:02  Roach x2  
  89  6:04  Overlord  
  99  6:05  Zergling x2  
  99  6:09  Drone x3  
  100  6:20  Zergling x10  
  100  6:24  Zergling x8  
  109  6:26  Zerg Missile Weapons Level 1  
  109  6:28  Drone x2  
  109  6:29  Hydralisk Den  
  109  6:32  Roach x4  
  113  6:37  Roach x2  
  113  6:42  Overlord  
  113  6:45  Drone x2  
  113  6:46  Drone  
  115  6:48  Spore Crawler  
  115  6:49  Drone x2  
  116  6:54  Roach  
  116  6:56  Zergling x2  
  115  7:10  Roach x6  
  115  7:13  Drone  
  115  7:14  Drone x3  
  127  7:16  Grooved Spines  
  127  7:18  Lurker Den  
  127  7:19  Drone x2, Infestation Pit  
  127  7:20  Spore Crawler  
  126  7:24  Drone  
  126  7:27  Extractor  
  126  7:29  Hydralisk  
  128  7:36  Overlord  
  128  7:37  Overlord x5  
  127  7:38  Extractor  
  127  7:43  Overlord  
  126  7:48  Drone x2  
  126  7:53  Drone  
  126  7:54  Hydralisk x6  
  138  7:59  Hive  
  138  8:03  Drone x3  
  141  8:06  Muscular Augments  
  141  8:08  Hydralisk x2  
  145  8:16  Drone x4  
  145  8:19  Hydralisk x3  
  155  8:26  Zerg Missile Weapons Level 2  
  155  8:29  Hydralisk x3  
  161  8:35  Spine Crawler  
  161  8:36  Overlord x2  
  160  8:47  Hydralisk x3  
  166  8:52  Overlord  
  166  8:56  Overseer  
  166  9:02  Hydralisk x2  
  170  9:06  Drone  
  170  9:07  Spine Crawler  
  169  9:17  Seismic Spines, Adrenal Glands  
  169  9:21  Hatchery  
  168  9:25  Lurker x9  
  168  9:30  Hydralisk x2  
  181  9:33  Roach x2  
  181  9:35  Zergling x8  
  189  9:40  Hydralisk x3  
  195  9:52  Hydralisk x2  
  194  10:11  Roach x6  
  189  10:14  Adaptive Talons  
  189  10:15  Hydralisk x5  
  189  10:18  Hatchery  
  189  10:20  Roach x2  
  189  10:21  Roach x6  
  200  10:24  Hydralisk x4  
  200  10:34  Hydralisk x4  
  195  10:39  Lurker x4  
  196  10:42  Drone  
  196  10:43  Drone  
  181  10:52  Zergling x8  
  181  10:55  Extractor  
  161  10:58  Hydralisk x4, Extractor  
  144  11:07  Roach x10  
  144  11:09  Roach x6  
  144  11:10  Hydralisk  
  156  11:12  Lurker x2  
  156  11:13  Lurker  
  159  11:19  Lurker x2  
  159  11:21  Overseer  
  161  11:26  Hydralisk x2  
  161  11:32  Drone x3  
  167  11:40  Lurker x3  
  157  11:47  Hydralisk x5  
  157  11:51  Zergling x2  
  157  11:52  Zergling x10  
  147  12:04  Roach x7  
  158  12:08  Roach x5  
  158  12:10  Hydralisk  
  166  12:20  Roach x5  
  168  12:26  Roach x4  
  144  12:33  Hydralisk x3  
  144  12:36  Hydralisk  
  144  12:37  Hydralisk  
  147  12:41  Lurker x4  
  149  12:44  Hydralisk  
  149  12:47  Hydralisk  
  149  12:48  Hydralisk  
  155  12:53  Hydralisk x2  
  155  13:00  Drone x4  
  155  13:03  Hydralisk x3  
  164  13:11  Lurker x3  
  167  13:14  Overseer  
  167  13:16  Drone x3  
  167  13:18  Spine Crawler  
  167  13:19  Drone x2, Extractor  
  168  13:21  Spine Crawler  
  167  13:28  Zerg Missile Weapons Level 3  
  167  13:30  Hydralisk x3  
  179  13:34  Roach x3  
  179  13:41  Hydralisk x4  
  175  13:56  Lurker x3  
  175  13:58  Drone x3  
  175  14:01  Hydralisk  
  175  14:02  Hydralisk x2  
  179  14:10  Hydralisk x5  
  189  14:21  Spine Crawler, Hydralisk x5  
  189  14:23  Overseer x2  
  198  14:25  Spine Crawler  
  198  14:29  Hydralisk  
  194  14:46  Roach  
  194  14:47  Roach x3  
  198  14:54  Hydralisk x3  
  198  14:55  Overseer x2  
  189  15:00  Hydralisk x8  
  189  15:06  Hydralisk x7  
  186  15:18  Lurker x7  
  185  15:25  Hydralisk x5  
  142  15:36  Hydralisk x10  
  142  15:37  Overseer  
  142  15:38  Overseer  
  142  15:40  Hydralisk x4  
  142  15:42  Lurker  
  154  15:53  Hatchery  
Tags
 
Add a new tag
Caveats
  • Supply blocks, unpowered buildings, or Contaminate may cause inaccurate times.
  • Supply counts are checked every 10 seconds.